Map: 2000 Atmospheres LE

Players

MaxPax - Winner!

  • Race: Protoss Protoss

Stephano

  • Race: Zerg Zerg

Event: DreamHack SC2 Masters 2021 Fall

VOD

Have the link to the VOD?

Description

Time

  • Played on: Aug. 3, 2021, 1:33 p.m.
  • Length: 10:50

All games in this series

Show
View Real Time Build Order
Export as new Build Order

MaxPax Protoss - Winner!

Build Orders: 1 Gate Expand, Oracle Opening, Carriers 

Get SALT Encoding   

  12  0:00  Probe  
  13  0:12  Probe  
  14  0:19  Pylon  
  14  0:24  Probe  
  15  0:37  Probe (Chrono Boost)  
  15  0:39  Gateway  
  16  0:46  Probe (Chrono Boost)  
  16  0:48  Assimilator  
  17  0:51  Probe (Chrono Boost)  
  18  1:03  Probe  
  19  1:15  Probe  
  20  1:26  Nexus  
  20  1:36  Cybernetics Core  
  20  1:39  Probe  
  21  1:44  Assimilator  
  21  1:51  Probe  
  22  1:55  Pylon  
  22  2:03  Probe (Chrono Boost)  
  23  2:13  Adept  
  26  2:16  Probe (Chrono Boost)  
  26  2:18  Stargate  
  26  2:23  Probe (Chrono Boost)  
  26  2:27  Warp Gate  
  27  2:31  Probe (Chrono Boost)  
  28  2:38  Probe (Chrono Boost)  
  28  2:43  Adept  
  32  2:48  Probe x2 (Chrono Boost)  
  33  2:53  Void Ray (Chrono Boost), Probe (Chrono Boost)  
  33  2:54  Probe  
  35  3:04  Probe  
  40  3:06  Probe  
  40  3:07  Pylon  
  41  3:16  Probe  
  41  3:18  Probe  
  41  3:19  Gateway  
  43  3:26  Oracle (Chrono Boost)  
  43  3:28  Probe  
  43  3:31  Probe  
  48  3:40  Probe  
  49  3:44  Probe  
  49  3:47  Nexus  
  50  3:53  Probe  
  51  3:56  Probe  
  51  3:58  Pylon  
  51  4:01  Assimilator  
  52  4:04  Assimilator  
  52  4:06  Probe  
  53  4:10  Probe  
  53  4:15  Oracle (Chrono Boost)  
  57  4:18  Probe  
  57  4:22  Protoss Air Weapons Level 1, Probe  
  59  4:28  Forge  
  59  4:30  Probe  
  59  4:31  Adept  
  62  4:33  Pylon  
  62  4:39  Shield Battery  
  62  4:44  Void Ray (Chrono Boost)  
  62  4:45  Stargate  
  62  4:51  Probe x2  
  64  4:58  Assimilator  
  68  5:00  Probe  
  68  5:02  Assimilator  
  68  5:03  Probe x2  
  71  5:13  Probe (Chrono Boost)  
  72  5:14  Void Ray  
  72  5:17  Probe x2 (Chrono Boost)  
  72  5:18  Photon Cannon  
  78  5:22  Pylon  
  78  5:24  Void Ray  
  78  5:25  Probe (Chrono Boost)  
  81  5:28  Probe (Chrono Boost)  
  81  5:29  Probe (Chrono Boost)  
  81  5:35  Pylon  
  85  5:39  Probe (Chrono Boost)  
  85  5:40  Probe (Chrono Boost)  
  85  5:41  Probe (Chrono Boost)  
  85  5:42  Robotics Facility  
  88  5:49  Probe  
  90  5:50  Probe  
  90  5:52  Photon Cannon, Probe  
  90  5:53  Void Ray  
  91  6:01  Probe  
  91  6:02  Probe  
  91  6:04  Probe  
  98  6:10  Photon Cannon  
  98  6:13  Probe  
  98  6:14  Stargate, Probe  
  98  6:16  Fleet Beacon, Probe  
  101  6:18  Photon Cannon  
  101  6:19  Shield Battery  
  101  6:21  Shield Battery  
  101  6:23  Pylon  
  101  6:37  Robotics Bay  
  101  6:41  Observer  
  101  6:45  Photon Cannon  
  102  6:57  Photon Cannon  
  102  6:58  Carrier (Chrono Boost)  
  102  7:00  Pylon  
  108  7:02  Pylon  
  108  7:03  Nexus  
  106  7:09  Pylon  
  104  7:18  Carrier (Chrono Boost)  
  104  7:19  Photon Cannon  
  104  7:21  Carrier (Chrono Boost)  
  116  7:31  Probe  
  116  7:33  Probe  
  116  7:35  Photon Cannon  
  116  7:36  Disruptor (Chrono Boost)  
  121  7:37  Photon Cannon  
  121  7:39  Photon Cannon  
  121  7:41  Shield Battery  
  120  7:45  Zealot x2  
  120  7:49  Pylon  
  124  7:52  Carrier (Chrono Boost)  
  124  7:54  Photon Cannon  
  124  7:55  Shield Battery, Photon Cannon  
  124  7:56  Photon Cannon  
  130  7:59  Shield Battery  
  130  8:05  Photon Cannon  
  130  8:07  Shield Battery  
  130  8:11  Pylon  
  130  8:13  Disruptor (Chrono Boost)  
  133  8:22  Carrier  
  133  8:24  Protoss Air Weapons Level 2 (Chrono Boost)  
  135  8:34  Carrier (Chrono Boost)  
  141  8:47  Photon Cannon  
  141  8:49  Disruptor  
  141  8:50  Photon Cannon  
  144  8:55  Carrier (Chrono Boost)  
  150  9:03  Photon Cannon  
  150  9:08  Photon Cannon  
  150  9:09  Pylon  
  149  9:24  Carrier (Chrono Boost)  
  155  9:44  Disruptor  
  150  9:54  Nexus  
  150  9:57  Pylon  
  150  9:58  Pylon  
  149  10:10  Pylon  
  149  10:18  Photon Cannon  
  149  10:20  Photon Cannon  
  149  10:22  Photon Cannon  
  149  10:24  Photon Cannon  
  156  10:37  Pylon  
  156  10:40  Gateway  
  156  10:43  Twilight Council  
Show
View Real Time Build Order
Export as new Build Order

Stephano Zerg 

Build Orders: Hatch First, Swarm Host 

Get SALT Encoding   

  12  0:00  Drone  
  13  0:12  Overlord  
  13  0:18  Drone  
  14  0:30  Drone x2  
  16  0:51  Hatchery, Drone  
  16  0:55  Drone  
  17  0:58  Drone  
  18  1:09  Extractor  
  17  1:14  Spawning Pool  
  16  1:18  Drone  
  16  1:20  Drone  
  18  1:28  Drone  
  19  1:38  Drone  
  20  1:49  Drone  
  21  2:01  Zergling x2  
  21  2:02  Queen x2  
  21  2:03  Drone  
  27  2:10  Overlord  
  27  2:13  Drone  
  28  2:18  Metabolic Boost  
  28  2:28  Hatchery  
  27  2:31  Drone  
  27  2:35  Drone  
  29  2:41  Queen  
  29  2:43  Zergling x2  
  32  2:47  Overlord  
  32  2:52  Drone  
  32  2:55  Drone x2  
  32  2:57  Drone  
  36  3:06  Drone  
  37  3:13  Drone x2  
  37  3:14  Drone x2  
  41  3:21  Queen  
  43  3:31  Drone  
  43  3:32  Overlord  
  44  3:37  Spore Crawler  
  44  3:38  Drone  
  44  3:40  Queen  
  46  3:41  Overlord  
  46  3:44  Drone  
  46  3:45  Drone x3  
  50  3:55  Overlord  
  50  4:01  Zergling x4  
  50  4:02  Spore Crawler, Drone  
  52  4:03  Drone x5  
  52  4:08  Drone  
  58  4:13  Spore Crawler  
  57  4:22  Drone x5  
  57  4:23  Drone  
  61  4:27  Drone x2  
  61  4:28  Lair  
  61  4:29  Drone x2  
  61  4:30  Extractor  
  64  4:32  Extractor  
  64  4:35  Drone  
  64  4:36  Drone x2  
  66  4:42  Overlord  
  66  4:44  Roach Warren  
  64  4:46  Evolution Chamber  
  64  4:49  Overlord  
  63  4:53  Overlord  
  63  4:54  Overlord  
  63  5:04  Overlord  
  63  5:07  Drone x3  
  65  5:10  Zergling x10  
  65  5:12  Overlord x2  
  69  5:16  Drone  
  69  5:21  Drone x2  
  69  5:22  Zerg Missile Weapons Level 1  
  69  5:26  Extractor  
  70  5:29  Drone  
  70  5:30  Extractor x2, Drone x6  
  70  5:31  Glial Reconstitution  
  75  5:36  Overseer  
  75  5:38  Drone  
  75  5:40  Drone x4  
  80  5:46  Queen  
  82  5:51  Overlord  
  82  6:03  Drone  
  80  6:04  Drone x2  
  80  6:05  Drone x5  
  80  6:07  Overlord  
  87  6:13  Overlord  
  87  6:14  Overlord  
  87  6:15  Infestation Pit  
  86  6:18  Overlord  
  86  6:19  Drone  
  86  6:20  Drone  
  86  6:22  Overlord x2  
  88  6:32  Queen, Overlord  
  88  6:37  Hatchery  
  89  6:46  Queen x2  
  93  6:51  Roach x8  
  109  6:57  Overlord  
  109  7:00  Overlord  
  108  7:06  Swarm Host  
  108  7:07  Swarm Host x4  
  122  7:17  Swarm Host  
  122  7:18  Swarm Host x4  
  122  7:21  Zerg Missile Weapons Level 2  
  134  7:32  Swarm Host x3  
  134  7:35  Queen x3  
  149  7:45  Overlord  
  149  7:47  Overlord  
  149  7:51  Overlord  
  149  7:53  Ravager x8  
  157  8:06  Roach x3  
  157  8:07  Roach x2  
  157  8:08  Zergling x22  
  177  8:27  Hatchery  
  177  8:28  Pathogen Glands  
  176  8:39  Spore Crawler x3  
  155  8:48  Spore Crawler  
  155  8:52  Queen x2  
  158  8:57  Spore Crawler, Drone  
  158  8:58  Drone x6  
  164  9:04  Spire  
  162  9:14  Spore Crawler  
  162  9:15  Zergling x22, Spore Crawler x2  
  163  9:24  Queen  
  150  9:27  Queen  
  150  9:28  Queen  
  153  9:36  Swarm Host x3  
  144  10:00  Drone x4  
  144  10:02  Queen  
  144  10:03  Queen  
  144  10:04  Spore Crawler x2  
  144  10:05  Spore Crawler  
  144  10:06  Spore Crawler x2  
  145  10:15  Zergling x16  
  153  10:25  Spore Crawler  

Tags
 
Add a new tag
Caveats
  • Supply blocks, unpowered buildings, or Contaminate may cause inaccurate times.
  • Supply counts are checked every 10 seconds.